 Dungeon Crawl Stone Soup version 0.25-a0-346-g140ab784a8 (webtiles) character file.

Game seed: 4143236171760752659, levelgen mode: deterministic

147 BritishOli the Slasher (level 5, -3/41 HPs)
             Began as a Demonspawn Gladiator on Jan 1, 2020.
             Slain by an orc
             ... wielding a +0 trident
              (5 damage)
             ... on level 3 of the Dungeon.
             The game lasted 00:03:34 (1651 turns).

BritishOli the Slasher (Demonspawn Gladiator)       Turns: 1651, Time: 00:03:35

Health: -3/41      AC:  8    Str: 15    XL:     5   Next: 8%
Magic:  14/14      EV: 13    Int: 10    God:
Gold:   143        SH:  0    Dex: 14    Spells: 4/4 levels left

rFire    . . .     SeeInvis .   a - +0 long sword
rCold    . . .     Gourm    .   (no shield)
rNeg     . . .     Faith    .   b - +0 leather armour
rPois    .         Spirit   .   n - +2 helmet
rElec    .         Reflect  .   (no cloak)
rCorr    .         Harm     .   (no gloves)
MR       .....                  (no boots)
Stlth    +.........             (no amulet)
HPRegen  0.13/turn              j - ring of magical power
MPRegen  0.14/turn              (no ring)

@: no status effects
A: claws 1, icy blue scales 1, demonic guardian 1
a: no special abilities


You were on level 3 of the Dungeon.
You were not hungry.

You visited 1 branch of the dungeon, and saw 3 of its levels.

You collected 143 gold pieces.

Inventory:

Hand Weapons
 a - a +0 long sword (weapon)
Missiles
 d - 3 throwing nets (quivered)
Armour
 b - a +0 leather armour (worn)
 c - a +0 helmet
 n - a +2 helmet (worn)
Jewellery
 j - a ring of magical power (left claw)
Wands
 l - a wand of polymorph (9)
Scrolls
 g - 3 scrolls of identify {unknown}
 i - a scroll of teleportation {unknown}
 m - a scroll of remove curse {unknown}
 o - a scroll of enchant armour {unknown}
Potions
 e - a potion of ambrosia {unknown}
 h - 2 potions of degeneration {unknown}
 k - a potion of haste {unknown}
 p - a potion of cancellation {unknown}
 q - a potion of flight {unknown}
 r - a potion of curing {unknown}
Comestibles
 f - 2 rations


   Skills:
 + Level 3.0 Fighting
 * Level 3.8 Long Blades
 - Level 2.0 Throwing
 + Level 1.2 Armour
 + Level 3.4 Dodging


You had 4 spell levels left.
You didn't know any spells.
Your spell library was empty.

Dungeon Overview and Level Annotations

Branches:
Dungeon (3/15)

Altars:
Gozag
Wu Jian


Innate Abilities, Weirdness & Mutations

You have sharp fingernails.
You are partially covered in icy blue scales. (AC +2)
A weak demonic guardian rushes to your aid.


Message History

The orc closely misses you. The orc barely misses you.
You riposte.
You barely miss the orc.
The orc is moderately wounded.
You slash the orc!
You kill the orc!
Your Fighting skill increases to level 3!
The orc barely misses you. The orc hits you but does no damage.
Things that are here:
a +0 flail; a +0 dagger; an adder corpse You closely miss the orc.
A hobgoblin comes into view. It is wielding a +0 club.
The orc hits you with a +0 trident!
* * * LOW HITPOINT WARNING * * *
You barely miss the orc.
The hobgoblin shouts!
The orc hits you with a +0 trident.
* * * LOW HITPOINT WARNING * * *
You barely miss the orc. The orc hits you with a +0 trident.
You die...

#.. ... #.# ... #.# #
##.# # #.###.##.# ...
#..##.##.#
....######.#g.#.#.#
....%........###..#
........o.....#.#.###
###.#####@#.##.##...#
#.#[#######<# #.#.#
#.###
....#######<..####
......>......#.†...
.#....#######...####
#...#..# #..^.... #
#...## #.#####. ## ##
#.# #.


You could see an orc and a hobgoblin.

Vanquished Creatures
  Terence (D:2)
  Robin (D:2)
  4 adders
  2 oozes
  A dart slug (D:2)
  A leopard gecko (D:2)
  4 orcs (D:3)
  2 giant cockroaches
  13 goblins
  7 hobgoblins
  9 kobolds
  8 bats
  4 frilled lizards
  3 rats (D:1)
60 creatures vanquished.

Vanquished Creatures (collateral kills)
  5 goblins (D:2)
  2 hobgoblins (D:2)
7 creatures vanquished.

Grand Total: 67 creatures vanquished

Notes
Turn   | Place    | Note
-------+----------+-------------------------------------------
     0 | D:1      | BritishOli the Demonspawn Gladiator began the quest for the
                  | Orb.
     0 | D:1      | Reached XP level 1. HP: 16/16 MP: 1/1
    61 | D:1      | Gained mutation: You are partially covered in icy blue
                  | scales. (AC +2) [demonic ancestry]
    61 | D:1      | Reached XP level 2. HP: 16/22 MP: 2/2
   340 | D:1      | Reached XP level 3. HP: 28/28 MP: 3/3
   860 | D:2      | Noticed Terence
   872 | D:2      | Killed Terence
   889 | D:2      | Found an opulent altar of Gozag.
   897 | D:2      | Gained mutation: A weak demonic guardian rushes to your
                  | aid. [demonic ancestry]
   897 | D:2      | Reached XP level 4. HP: 22/34 MP: 4/4
   929 | D:2      | Noticed Robin
  1179 | D:2      | Killed Robin
  1179 | D:2      | Reached skill level 1 in Armour
  1426 | D:2      | Found an ornate altar of the Wu Jian Council.
  1628 | D:3      | Gained mutation: You have sharp fingernails. [demonic
                  | ancestry]
  1628 | D:3      | Reached XP level 5. HP: 31/40 MP: 5/5
  1650 | D:3      | HP: 2/41 [orc/+0 trident (4)]
  1651 | D:3      | Slain by an orc

Levels and vault maps discovered:
D:1:      evilmike_arrival_crescent, layout_basic, hangedman_decor_lopped,
          minmay_misc_feat_doors, kennysheep_doodads, minmay_tetromino_l2
D:2:      layout_rooms, lemuel_round_altar, overflow_temple_1_default,
          uniq_terence, uniq_robin
D:3:      layout_loops_ring, lemuel_crystal_altar, first_ration,
          nrook_mini_vaults

Skill      XL: |  1  2  3  4  5 |
---------------+----------------+-----
Throwing       | 2 |  2.0
Long Blades    | 3 |  3.8
Dodging        | 3 |  3.4
Armour         | 1 |  1.2
Fighting       | 3 |  3.0

Action                   |  1- 3 |  4- 6 || total
-------------------------+-------+-------++-------
Melee: Long sword        |    92 |    73 ||   165
       Unarmed           |       |    10 ||    10
 Stab: Confused          |       |     2 ||     2
  Eat: Ration            |       |     1 ||     1
       Chunk             |       |     1 ||     1
Armor: Leather armour    |    39 |    35 ||    74
       Skin              |       |     6 ||     6
Dodge: Dodged            |    83 |    93 ||   176
       Rpst.: Long sword |    27 |    20 ||    47

Table legend:
 A = Non-vault XP
 B = Vault XP
 C = Vault XP percentage of total XP
 D = Non-vault monster count
 E = Vault monster count
 F = Vault count percentage of total count
                 A         B        C        D         E       F
            +---------+---------+-------+---------+---------+-------
      Total |     146 |      65 |  30.8 |      52 |      15 |  22.4
            +---------+---------+-------+---------+---------+-------
        D:1 |      63 |       5 |   7.4 |      29 |       3 |   9.4
        D:2 |      52 |      60 |  53.6 |      14 |      12 |  46.2
        D:3 |      31 |       0 |   0.0 |       9 |       0 |   0.0
            +---------+---------+-------+---------+---------+-------
